 Dungeon Crawl Stone Soup version 0.29.1-2-gbd0b4ee654 (webtiles) character file.

Game seed: 12566250076043310735

65 qeuew the Grave Robber (level 3, -3/24 HPs)
             Began as a Demonspawn Wanderer on Nov 3, 2022.
             Slain by a worm (8 damage)
             ... on level 2 of the Dungeon.
             The game lasted 00:03:59 (2437 turns).

qeuew the Grave Robber (Demonspawn Wanderer)        Turns: 2437, Time: 00:03:59

Health: -3/24      AC:  5    Str: 12    XL:     3   Next: 94%
Magic:  2/5        EV: 12    Int: 13    God:
Gold:   86         SH:  4    Dex: 14    Spells: 1/5 levels left

rFire   . . .      SeeInvis .   a - +1 dagger
rCold   . . .      Faith    .   b - +0 buckler
rNeg    . . .      Spirit   .   d - +2 leather armour
rPois   .          Reflect  .   (no helmet)
rElec   .          Harm     .   (no cloak)
rCorr   .          Rampage  .   (no gloves)
Will    .....                   (no boots)
Stlth   ++........              (no amulet)
HPRegen 0.08/turn               (no ring)
MPRegen 0.09/turn               (no ring)

@: very slightly contaminated
A: demonic magic 1
a: no special abilities


You were on level 2 of the Dungeon.
You visited 1 branch of the dungeon, and saw 3 of its levels.

You collected 86 gold pieces.

Inventory:

Hand Weapons
 a - a +1 dagger (weapon)
Armour
 b - a +0 buckler (worn)
 d - a +2 leather armour (worn)
Scrolls
 f - a scroll of teleportation {unknown}
Potions
 c - a potion of attraction
 e - 2 potions of berserk rage {unknown}


   Skills:
 + Level 3.0 Dodging
 * Level 2.2 Stealth
 + Level 2.1 Shields
 + Level 1.5 Spellcasting
 * Level 4.0 Necromancy


You had one spell level left.
You knew the following spells:

 Your Spells              Type           Power      Damage    Failure   Level
a - Necrotise             Necr           44%        1d6       9%          1
b - Vampiric Draining     Necr           11%        2d6       26%         3

Your spell library contained the following spells:

 Spells                   Type           Power      Damage    Failure   Level
 Ensorcelled Hibernation  Hex/Ice        0%         N/A       56%         2
 Passwall                 Tmut/Erth      0%         N/A       56%         2
 Swiftness                Air            0%         N/A       80%         3


Dungeon Overview and Level Annotations

Branches:
Dungeon (3/15)

Altars:

Shops:
D:2 :


Innate Abilities, Weirdness & Mutations

Spells you cast may paralyse adjacent enemies.


Message History

* * * LOW HITPOINT WARNING * * *
You are too injured to fight recklessly!
You are too injured to fight recklessly!
You are too injured to fight recklessly!
You are too injured to fight recklessly!
You are too injured to fight recklessly!
You are too injured to fight recklessly!
You are too injured to fight recklessly!
You are too injured to fight recklessly!
You are too injured to fight recklessly!
You are too injured to fight recklessly!
You are too injured to fight recklessly!
Unknown command.
Casting: Necrotise (safe; 9% risk of failure)
Confirm with . or Enter, or press ? or * to list all spells.
The spell is extremely dangerous to miscast (26% risk of failure)!
Continue anyway?
Aiming: Vampiric Draining (extremely dangerous; 26% risk of failure)
Press: ? - help, Shift-Dir - straight line, f - worm
Aim: a worm (lightly wounded)
You miscast Vampiric Draining.
You are very lightly contaminated with residual magic.
Nothing appears to happen.
Casting: Vampiric Draining (extremely dangerous; 26% risk of failure)
Confirm with . or Enter, or press ? or * to list all spells.
You don't have enough magic to cast this spell.
You hit the worm.
The worm is moderately wounded.
You block the worm's attack.
You hit the worm but do no damage.
The worm is moderately wounded.
The worm closely misses you.
You hit the worm.
The worm is moderately wounded.
You hit the worm but do no damage.
The worm is moderately wounded.
The worm closely misses you.
You hit the worm.
The worm is moderately wounded.
The worm bites you!
You die...

############
...........#######
...#######.......#
...# #.#####.#
...# #.# #@# ...#
#.# #w# ...# #.#
#r# ...# #.# #.#
...# #.......#
...# ####.####
..## # ...# ....#


You could see a worm and a rat.

Vanquished Creatures
  Natasha (D:2)
  A dart slug (D:1)
  3 endoplasms
  4 giant cockroaches (D:1)
  4 goblins (D:1)
  4 hobgoblins
  3 kobolds (D:1)
  2 quokkas (D:1)
  4 ball pythons (D:1)
  4 bats (D:1)
  3 frilled lizards
  2 rats (D:1)
35 creatures vanquished.

Vanquished Creatures (collateral kills)
  A giant cockroach (D:2)
1 creature vanquished.

Grand Total: 36 creatures vanquished

Notes
Turn   | Place    | Note
-------+----------+-------------------------------------------
     0 | D:1      | qeuew the Demonspawn Wanderer began the quest for the Orb.
     0 | D:1      | qeuew set off with the following items: a +0 dagger, a +0
                  | buckler, a potion of attraction, a +2 leather armour; and
                  | the following spell memorised: Necrotise; and the following
                  | spells available to memorise: Vampiric Draining.
     0 | D:1      | Reached XP level 1. HP: 13/13 MP: 2/2
   381 | D:1      | Gained mutation: Spells you cast may paralyse adjacent
                  | enemies. [demonic ancestry]
   381 | D:1      | Reached XP level 2. HP: 16/19 MP: 0/3
   590 | D:1      | Found a faded altar of an unknown god.
  1390 | D:1      | Reached XP level 3. HP: 19/24 MP: 0/5
  1852 | D:1      | Learned a level 3 spell: Vampiric Draining
  1951 | D:2      | You fall into a shaft and drop 1 floor!
  2073 | D:2      | Found Awegh's Vocational Training.
  2174 | D:2      | Noticed Natasha
  2183 | D:2      | Killed Natasha
  2184 | D:2      | Reached skill level 4 in Necromancy
  2437 | D:2      | Slain by a worm

Illustrated notes

Levels and vault maps discovered:
D:1:      dpeg_arrival_tiny_a, layout_basic, ebering_ecumenical_altar_petrified,
          minmay_ruptured
D:2:      layout_loops_corners, nicolae_shop_vocational, uniq_natasha
D:3:      layout_rooms

Skill      XL: |  1  2  3 |
---------------+----------+-----
Shields        | 2 |  2.1
Stealth        | 2 |  2.2
Dodging        | 3 |  3.0
Necromancy     | 4 |  4.0
Spellcasting   | |  1.5

Action                   || total
-------------------------++-------
Melee: Dagger            ||   127
 Cast: Necrotise         ||    42
  Use: Scroll            ||     3
       Potion            ||     3
 Stab: Paralysed         ||     3
Armor: Leather armour    ||    61
Dodge: Dodged            ||    72
Block: Buckler           ||    26
